 Dungeon Crawl Stone Soup version 0.22-a0-775-ga7d80019b5 (webtiles) character file.

350 Mirvelgyr the Cleaver (level 6, -4/76 HPs)
             Began as a Minotaur Berserker on July 18, 2018.
             Was a Priest of Trog.
             Splashed by Ijyb's acid (15 damage)
             ... on level 3 of the Dungeon.
             The game lasted 00:03:22 (2034 turns).

Mirvelgyr the Cleaver (Minotaur Berserker)          Turns: 2034, Time: 00:03:23

Health: -4/76      AC:  5    Str: 28    XL:     6   Next: 34%
Magic:  5/5        EV:  9    Int:  4    God:    Trog [***...]
Gold:   107        SH:  0    Dex: 10    Spells: 5/5 levels left

rFire    . . .     SeeInvis .   a - +0 hand axe
rCold    . . .     Gourm    .   (no shield)
rNeg     . . .     Faith    .   u - +0 chain mail
rPois    .         Spirit   .   (helmet restricted)
rElec    .         Reflect  .   (no cloak)
rCorr    .         Harm     .   o - +0 pair of gloves
MR       ++...                  (no boots)
Stlth    ..........             (no amulet)
HPRegen  1.22/turn              (no ring)
MPRegen  0.09/turn              (no ring)

@: berserking, corroded, regenerating, very quick
A: retaliatory headbutt, horns 2
a: Berserk, Trog's Hand, Renounce Religion


You were on level 3 of the Dungeon.
You worshipped Trog.
Trog was most pleased with you.
You were very hungry.

You visited 1 branch of the dungeon, and saw 3 of its levels.

You collected 107 gold pieces.

Inventory:

Hand Weapons
 a - a +0 hand axe (weapon)
Armour
 o - a +0 pair of gloves (worn)
 u - a +0 chain mail (worn)
Jewellery
 v - an uncursed amulet of harm {unknown}
Wands
 w - a wand of polymorph (7)
Scrolls
 d - 4 scrolls of remove curse {unknown}
 f - a scroll of teleportation {unknown}
 i - a scroll of noise {unknown}
 k - a scroll of fog {unknown}
 m - 2 scrolls of identify {unknown}
 q - 3 scrolls of immolation {unknown}
 r - a scroll of blinking {unknown}
 s - a scroll of amnesia {unknown}
Potions
 b - a potion of heal wounds {unknown}
 e - a potion of haste {unknown}
 g - 4 potions of curing {unknown}
 h - a potion of ambrosia {unknown}
 j - a potion of lignification {unknown}
 l - a potion of cancellation {unknown}
 p - a potion of flight {unknown}
 t - 2 potions of might {unknown}
Comestibles
 c - 3 rations
 n - 9 chunks of flesh


   Skills:
 - Level 3.6 Fighting
 + Level 8.7 Axes
 - Level 2.4 Armour
 - Level 2.1 Dodging


You had 5 spell levels left.
You didn't know any spells.
Your spell library was empty.

Dungeon Overview and Level Annotations

Branches:
Dungeon (3/15)

Altars:

Annotations:
D:3 Ijyb


Innate Abilities, Weirdness & Mutations

You reflexively headbutt those who attack you in melee.
You have a pair of horns on your head.


Message History

A hobgoblin is nearby!
A hobgoblin is nearby!
Ijyb the Twisted Goblin comes into view.
She is wielding a dagger.
Ijyb shouts!
Ijyb zaps a wand.
The bolt of acid hits you! The acid corrodes you!
You are splashed with acid!
The acid burns!
It is a wand of acid (8).
You are too injured to fight recklessly!
You are too injured to fight recklessly!
You are too injured to fight recklessly!
Your skin crawls.
You feel resistant to hostile enchantments.
You feel quite a bit more hungry.
Ijyb zaps a wand.
The bolt of acid misses you. The hobgoblin closely misses you.
A red film seems to cover your vision as you go berserk!
You feel yourself moving faster!
You feel mighty!
You are feeling very hungry.
Ijyb zaps a wand.
The bolt of acid hits you!
* * * LOW HITPOINT WARNING * * *
You are splashed with acid!
The acid burns!
You die...

...................#
...........<............
........................
#......................
#...................(..
#......................
#...............####...
#....g..........# #...
#.....@.........# #...
#...............# #...
##.g.###...##...# #...
#... #...##...# #.(. #..
#.))##...# #... #..
#..)##...# #... ##
#...##...# ####
#...##...# #...##...#


You could see Ijyb and a hobgoblin.

Vanquished Creatures
  Sigmund (D:3)
  Natasha (D:2)
  6 adders
  An ooze (D:3)
  An adder zombie (D:3)
  A worm (D:3)
  4 dart slugs (D:1)
  A leopard gecko (D:2)
  8 orcs (D:3)
  4 giant cockroaches
  10 goblins
  5 hobgoblins (D:1)
  4 quokkas
  A ball python (D:1)
  16 bats
  5 frilled lizards
  5 kobolds
  5 rats
79 creatures vanquished.

Notes
Turn   | Place    | Note
-------+----------+-------------------------------------------
     0 | D:1      | Mirvelgyr the Minotaur Berserker began the quest for the Orb.
     0 | D:1      | Reached XP level 1. HP: 19/19 MP: 0/0
    12 | D:1      | Reached skill level 4 in Axes
    58 | D:1      | Reached XP level 2. HP: 25/26 MP: 1/1
   342 | D:1      | Reached skill level 5 in Axes
   347 | D:1      | Reached ** piety under Trog
   367 | D:1      | Reached XP level 3. HP: 29/31 MP: 2/2
   653 | D:2      | Reached XP level 4. HP: 27/39 MP: 3/3
   662 | D:2      | Reached skill level 6 in Axes
  1075 | D:2      | Found a faded altar of an unknown god.
  1170 | D:2      | Noticed Natasha
  1379 | D:2      | Killed Natasha
  1576 | D:3      | Reached XP level 5. HP: 45/45 MP: 4/4
  1632 | D:3      | Reached skill level 7 in Axes
  1849 | D:3      | Noticed Sigmund
  1859 | D:3      | Killed Sigmund
  1859 | D:3      | Reached skill level 8 in Axes
  1859 | D:3      | Reached XP level 6. HP: 51/51 MP: 5/5
  1962 | D:3      | Reached *** piety under Trog
  2031 | D:3      | Noticed Ijyb
  2034 | D:3      | Splashed by Ijyb's acid

Vault maps used:
D:1:      doesnt_arrival_eight_statues, minmay_split_cup_small
D:2:      chequers_ecumenical_altar_grove, uniq_natasha
D:3:      uniq_sigmund, uniq_ijyb

Skill      XL: |  1  2  3  4  5 |
---------------+----------------+-----
Axes           | 4 5 6 8 |  8.7
Fighting       | |  3.6
Armour         | |  2.4
Dodging        | |  2.1

Action                   |  1- 3 |  4- 6 || total
-------------------------+-------+-------++-------
Melee: Hand axe          |    58 |    98 ||   156
       Headbutt          |    12 |    12 ||    24
Invok: Trog's Hand       |       |     3 ||     3
       Berserk           |       |     2 ||     2
  Eat: Chunk             |       |     5 ||     5
Armor: Animal skin       |     4 |       ||     4
       Ring mail         |    22 |    23 ||    45
       Chain mail        |       |     7 ||     7
Dodge: Dodged            |    50 |    65 ||   115

Table legend:
 A = Spawn XP
 B = Non-spawn XP
 C = Spawn XP percentage of total XP
 D = Spawn monster count
 E = Non-spawn monster count
 F = Spawn count percentage of total count
 G = Total turns spent on level
                    A         B        C        D         E        F      G
               +---------+---------+-------+---------+---------+-------+---------
         Total |       0 |     501 |   0.0 |       0 |      79 |   0.0 |  2034
               +---------+---------+-------+---------+---------+-------+---------
           D:1 |       0 |      53 |   0.0 |       0 |      27 |   0.0 |   549
           D:2 |       0 |     126 |   0.0 |       0 |      26 |   0.0 |  1006
           D:3 |       0 |     322 |   0.0 |       0 |      26 |   0.0 |   479
               +---------+---------+-------+---------+---------+-------+---------
